[Event "Titled Tuesday Blitz March 29 Late 2022"]
[White "Dimakiling, Oliver"]
[Black "Belous, Vladimir"]
[WhiteFideId "5202248"]
[BlackFideId "4174003"]
[WhiteElo "2426"]
[BlackElo "2534"]
[Result "0-1"]
[Round "05"]
[TimeControl "180+1"]
[Date "2022.03.29"]
[WhiteClock "0:00:03"]
[BlackClock "0:00:17"]

1. d4 Nf6 2. Nf3 g6 3. Bf4 Bg7 4. e3 O-O 5. h3 d6 6. Nbd2 Nc6 7. c3 Nd7 8. Bc4 Kh8 9. h4 e5 10. Bg3 Nb6 11. Bb3 Bg4 12. Qc2 f5 13. dxe5 dxe5 14. O-O-O f4 15. exf4 exf4 16. Ne4 Qe7 17. Bh2 Bf5 18. Rhe1 Rae8 19. Nfd2 Qxh4 20. Rh1 Ne5 21. f3 Rd8 22. Kb1 Nd5 23. Nf1 c6 24. a3 Rfe8 25. Ka2 Ng4 26. Rd2 Nge3 27. Qc1 Nxf1 28. Qxf1 Bxe4 29. Re2 Bf5 30. Rxe8+ Rxe8 31. Bxd5 cxd5 32. Qb5 Rf8 33. Qxb7 Qf2 34. Bxf4 Qxg2 35. Re1 Qxf3 36. Be5 Bxe5 37. Rxe5 Qf1 38. Re7 Bb1+ 39. Kb3 Qc4# 0-1


[Site "https://www.chess.com"]

[Event "Titled Tuesday Blitz March 29 Late 2022"]
[White "Dounis, Alexandros"]
[Black "Diaz Perez, Michel Alejandro"]
[WhiteFideId "4213238"]
[BlackFideId "3517179"]
[WhiteElo "2513"]
[BlackElo "2654"]
[Result "0-1"]
[Round "05"]
[TimeControl "180+1"]
[Date "2022.03.30"]
[WhiteClock "0:01:07"]
[BlackClock "0:01:12"]

1. Nf3 Nf6 2. g3 e6 3. Bg2 d5 4. O-O Be7 5. d4 O-O 6. c4 dxc4 7. Na3 Bxa3 8. bxa3 Nc6 9. a4 Na5 10. Ba3 Re8 11. Qc2 Bd7 12. Ne5 Bc6 13. Nxc6 Nxc6 14. e3 Na5 15. Rfd1 c6 16. Rab1 Nd5 17. e4 Nf6 18. Qc3 b6 19. Bb4 Nb7 20. Qxc4 Rc8 21. Qa6 Qc7 22. Rbc1 Red8 23. Rc2 c5 24. Be1 Qb8 25. e5 Nd5 26. Rdc1 h5 27. a5 cxd4 28. Rxc8 Rxc8 29. Rxc8+ Qxc8 30. Qxa7 Qc1 31. Bxd5 Qxe1+ 32. Kg2 Nxa5 33. Bf3 Nc4 34. Qd7 Nd2 0-1


[Site "https://www.chess.com"]

[Event "Titled Tuesday Blitz March 29 Late 2022"]
[White "Dreev, Aleksey"]
[Black "Naroditsky, Daniel"]
[WhiteFideId "4100107"]
[BlackFideId "2026961"]
[WhiteElo "2625"]
[BlackElo "2608"]
[Result "0-1"]
[Round "05"]
[TimeControl "180+1"]
[Date "2022.03.29"]
[WhiteClock "0:00:04"]
[BlackClock "0:00:05"]

1. d4 Nf6 2. c4 g6 3. Nc3 Bg7 4. e4 d6 5. Bd3 O-O 6. Nge2 Nc6 7. O-O Nd7 8. Be3 e5 9. Bc2 exd4 10. Nxd4 Nde5 11. Nxc6 bxc6 12. c5 Nc4 13. Bc1 dxc5 14. Qe2 Be6 15. Bb3 Ne5 16. Bxe6 fxe6 17. Rd1 Qh4 18. f4 Ng4 19. h3 Bd4+ 20. Rxd4 cxd4 21. hxg4 dxc3 22. bxc3 Rad8 23. Be3 h5 24. gxh5 gxh5 25. Rf1 Qg4 26. Rf3 Kh7 27. Kh2 Rg8 28. Bd4 Rdf8 29. Qf2 h4 30. Be5 Rg6 31. Rh3 Rh6 32. Bxc7 Rg8 33. Be5 Qg3+ 34. Qxg3 hxg3+ 35. Kg1 Rxh3 36. gxh3 Rd8 37. Bd4 c5 38. Bxc5 Rd1+ 39. Kg2 Rd2+ 40. Kxg3 Rxa2 41. f5 exf5 42. exf5 a5 43. Kf4 a4 44. Ke5 a3 45. f6 Re2+ 46. Kd5 a2 47. f7 Rd2+ 48. Kc4 Rd8 49. f8=Q Rxf8 50. Bxf8 a1=Q 51. Bb4 Qa2+ 52. Kb5 Kg6 0-1


[Site "https://www.chess.com"]

[Event "Titled Tuesday Blitz March 29 Late 2022"]
[White "Dubov, Daniil"]
[Black "Melkumyan, Hrant"]
[WhiteFideId "24126055"]
[BlackFideId "13302485"]
[WhiteElo "2791"]
[BlackElo "2604"]
[Result "0-1"]
[Round "05"]
[TimeControl "180+1"]
[Date "2022.03.29"]
[WhiteClock "0:00:17"]
[BlackClock "0:00:32"]

1. e4 e5 2. Nf3 Nc6 3. Bc4 Nf6 4. d3 Be7 5. Nc3 O-O 6. O-O d6 7. a3 Be6 8. Nd5 Nb8 9. Nxf6+ Bxf6 10. Bxe6 fxe6 11. c3 Nc6 12. b4 Qe8 13. b5 Nb8 14. a4 Nd7 15. d4 exd4 16. cxd4 Qg6 17. Re1 Be7 18. Bd2 Rf7 19. Rc1 Raf8 20. Re3 Bd8 21. Qe2 Nf6 22. Ne1 Nxe4 23. Rf3 Nxd2 24. Rxf7 Rxf7 25. Qxd2 Bg5 26. Qc3 Bxc1 27. Qxc1 Qe4 28. Nf3 h6 29. h3 Qd5 30. Qe3 a6 31. bxa6 bxa6 32. Qd3 a5 33. Qc3 g5 34. Nh2 Kg7 35. Ng4 h5 36. Ne3 Qa8 37. Nc4 Qb7 38. f3 Qb1+ 39. Qc1 0-1


[Site "https://www.chess.com"]

[Event "Titled Tuesday Blitz March 29 Late 2022"]
[White "Eames, Robert S"]
[Black "Storey, Charles H"]
[WhiteFideId "408743"]
[BlackFideId "406686"]
[WhiteElo "2105"]
[BlackElo "2263"]
[Result "1-0"]
[Round "05"]
[TimeControl "180+1"]
[Date "2022.03.30"]
[WhiteClock "0:00:10"]
[BlackClock "0:00:07"]

1. e4 g6 2. d4 Bg7 3. Nc3 c5 4. dxc5 Bxc3+ 5. bxc3 Nf6 6. f3 Qa5 7. Bd3 Qxc3+ 8. Bd2 Qxc5 9. Qe2 d6 10. Qe3 Nbd7 11. Ne2 b6 12. O-O Bb7 13. Kh1 Qxe3 14. Bxe3 O-O 15. Bh6 Rfc8 16. Nd4 Ne5 17. Be2 Rc7 18. a4 Nc6 19. Nb5 Rcc8 20. Rfb1 Na5 21. Nd4 e5 22. Nb5 Ba6 23. Bd3 Bxb5 24. axb5 Nd7 25. Rd1 Nc5 26. Bf1 Nab7 27. Bc4 Nxe4 28. Bxf7+ Kxf7 29. fxe4 Rxc2 30. Rf1+ Kg8 31. Rf6 Rac8 32. Raf1 Rc1 33. Bxc1 Kg7 34. Rf7+ Kg8 35. Rxb7 d5 36. exd5 e4 37. Bh6 e3 38. Rbf7 e2 39. Rf8+ Rxf8 40. Rxf8# 1-0


[Site "https://www.chess.com"]

[Event "Titled Tuesday Blitz March 29 Late 2022"]
[White "Erdogdu, Mert"]
[Black "Baches Garcia, Guillermo"]
[WhiteFideId "6301495"]
[BlackFideId "2209764"]
[WhiteElo "2485"]
[BlackElo "2484"]
[Result "1/2-1/2"]
[Round "05"]
[TimeControl "180+1"]
[Date "2022.03.30"]
[WhiteClock "0:00:53"]
[BlackClock "0:00:15"]

1. e4 c5 2. Nf3 d6 3. d4 cxd4 4. Nxd4 Nf6 5. Nc3 Nc6 6. Bg5 e6 7. Qd2 h6 8. Be3 Ng4 9. O-O-O Nxe3 10. Qxe3 a6 11. Kb1 Bd7 12. f4 Be7 13. f5 O-O 14. fxe6 fxe6 15. Bc4 Nxd4 16. Qxd4 b5 17. Bb3 Kh8 18. Qd3 b4 19. Ne2 Bb5 20. Bc4 Qb6 21. Nd4 d5 22. exd5 exd5 23. Bxb5 axb5 24. Qxb5 Qa7 25. Qxd5 Rfd8 26. Qc4 b3 27. a3 Bxa3 28. bxa3 Qxa3 29. Nxb3 Qa2+ 30. Kc1 Qa3+ 31. Kb1 Qa2+ 32. Kc1 Qa3+ 33. Kb1 1/2-1/2


[Site "https://www.chess.com"]

[Event "Titled Tuesday Blitz March 29 Late 2022"]
[White "Estrada Nieto, Julian"]
[Black "Rudykh, Stepan"]
[WhiteFideId "5101018"]
[BlackFideId "4180321"]
[WhiteElo "2246"]
[BlackElo "2210"]
[Result "1-0"]
[Round "05"]
[TimeControl "180+1"]
[Date "2022.03.30"]
[WhiteClock "0:00:32"]
[BlackClock "0:00:02"]

1. e4 e6 2. d4 d5 3. Nd2 Nf6 4. e5 Nfd7 5. Bd3 c5 6. c3 Nc6 7. Ne2 cxd4 8. cxd4 f6 9. exf6 Nxf6 10. Nf3 Bd6 11. O-O Qc7 12. Bg5 O-O 13. Bh4 Nh5 14. Qc2 h6 15. Bh7+ Kh8 16. Bg6 Nf4 17. Nxf4 Bxf4 18. Bg3 Bd7 19. Rad1 Be8 20. Rfe1 Bxg6 21. Qxg6 Rf6 22. Qg4 Bxg3 23. hxg3 Qd6 24. Ne5 Kh7 25. Qe2 Raf8 26. Qc2+ g6 27. Ng4 Rf5 28. Qd2 Rg5 29. Qe2 h5 30. Nh2 Rgf5 31. Nf3 R8f6 32. Qe3 Kg7 33. Re2 a6 34. Ng5 Rxg5 35. Qxg5 Rf5 36. Qe3 Qb4 37. a3 Qb5 38. Qxe6 Qa4 39. Red2 Kh6 40. Qe8 Kg5 41. Qe3+ Kf6 42. Re1 Kg7 1-0


[Site "https://www.chess.com"]

[Event "Titled Tuesday Blitz March 29 Late 2022"]
[White "Ezat, Mohamed"]
[Black "Milanovic, Marko"]
[WhiteFideId "10600906"]
[BlackFideId "980129"]
[WhiteElo "2386"]
[BlackElo "2159"]
[Result "1-0"]
[Round "05"]
[TimeControl "180+1"]
[Date "2022.03.30"]
[WhiteClock "0:01:13"]
[BlackClock "0:00:49"]

1. d4 d5 2. c4 c6 3. Nc3 e6 4. e4 dxe4 5. Nxe4 c5 6. d5 Nf6 7. Nxf6+ Qxf6 8. Nf3 exd5 9. cxd5 Bd6 10. Bb5+ Bd7 11. Qe2+ Qe7 12. Be3 O-O 13. O-O Bxb5 14. Qxb5 a6 15. Qb6 Nd7 16. Qxb7 Rfb8 17. Qc6 Rc8 18. Qa4 Nb6 19. Qd1 Qe4 20. Ng5 Qxd5 21. Qh5 h6 22. Rad1 Qxa2 23. Rxd6 hxg5 24. Rxb6 Rab8 25. Rxb8 Rxb8 26. Qxg5 c4 27. Bd4 1-0


[Site "https://www.chess.com"]

[Event "Titled Tuesday Blitz March 29 Late 2022"]
[White "Fedoseev, Vladimir"]
[Black "Goryachkina, Aleksandra"]
[WhiteFideId "24130737"]
[BlackFideId "4147103"]
[WhiteElo "2726"]
[BlackElo "2426"]
[Result "1-0"]
[Round "05"]
[TimeControl "180+1"]
[Date "2022.03.29"]
[WhiteClock "0:00:18"]
[BlackClock "0:00:01"]

1. e4 e6 2. d4 d5 3. e5 c5 4. c3 Nc6 5. Nf3 Nge7 6. Bd3 cxd4 7. cxd4 Nf5 8. Nc3 Nfxd4 9. Nxd4 Nxd4 10. O-O Nc6 11. Bf4 a6 12. Re1 Be7 13. Qh5 g6 14. Qh6 Bf8 15. Qh3 Bg7 16. Rad1 O-O 17. Qg3 f6 18. exf6 Qxf6 19. Bd6 Rd8 20. Bc7 Rf8 21. Na4 b5 22. Nb6 Ra7 23. Bd6 Rd8 24. Rc1 Bb7 25. Bc7 Re8 26. Nxd5 Qf7 27. Nc3 Nd4 28. Bb6 Raa8 29. Ne4 Bxe4 30. Bxe4 Rac8 31. Rcd1 Nf5 32. Qb3 Kh8 33. g3 Rf8 34. Re2 Rfe8 35. Bg2 Re7 36. a4 bxa4 37. Qxa4 Rb8 38. Qxa6 h5 39. Bc5 Ree8 40. b4 h4 41. Re4 Rbd8 42. Rxd8 Rxd8 43. Bf1 hxg3 44. hxg3 Nd4 45. Rh4+ Kg8 46. Rf4 Nf3+ 47. Kg2 Ne1+ 48. Kh1 Qd7 49. Qe2 1-0


[Site "https://www.chess.com"]

[Event "Titled Tuesday Blitz March 29 Late 2022"]
[White "Fiol, Fabrice"]
[Black "Szente Varga, Fruzsina"]
[WhiteFideId "611670"]
[BlackFideId "712264"]
[WhiteElo "2398"]
[BlackElo "1994"]
[Result "1-0"]
[Round "05"]
[TimeControl "180+1"]
[Date "2022.03.30"]
[WhiteClock "0:00:13"]
[BlackClock "0:00:14"]

1. e4 e5 2. Nf3 Nc6 3. Bc4 Nf6 4. d3 Be7 5. c3 O-O 6. Bb3 d5 7. Nbd2 a5 8. O-O Bg4 9. h3 dxe4 10. dxe4 Bxf3 11. Qxf3 a4 12. Bc2 a3 13. b3 Qd6 14. Rd1 Qc5 15. Nc4 Nd8 16. Be3 Qb5 17. Bd3 Ne6 18. Nb6 Qc6 19. Nxa8 Rxa8 20. Rac1 Nc5 21. Bxc5 Qxc5 22. Bc4 b5 23. Bf1 Qb6 24. c4 b4 25. Qf5 Bd6 26. g4 h6 27. h4 Qc6 28. Bg2 Nd7 29. g5 hxg5 30. hxg5 Nc5 31. Rd5 Qb6 32. g6 f6 33. Bh3 Re8 34. Qh5 Kf8 35. Qh8+ Ke7 36. Qxg7+ Kd8 37. Rcd1 Qc6 38. Qf7 Rf8 39. Qxf8+ Qe8 40. Rxd6+ cxd6 41. Rxd6+ 1-0


[Site "https://www.chess.com"]

[Event "Titled Tuesday Blitz March 29 Late 2022"]
[White "Fishbein, Alexander"]
[Black "Demchenko, Anton"]
[WhiteFideId "2000377"]
[BlackFideId "4160258"]
[WhiteElo "2442"]
[BlackElo "2539"]
[Result "0-1"]
[Round "05"]
[TimeControl "180+1"]
[Date "2022.03.29"]
[WhiteClock "0:00:02"]
[BlackClock "0:00:07"]

1. Nf3 Nf6 2. c4 d6 3. d4 Nbd7 4. Nc3 e5 5. e4 c6 6. Be2 Be7 7. O-O Qc7 8. b4 a5 9. b5 O-O 10. Bb2 exd4 11. Nxd4 Nc5 12. Bf3 Bd7 13. Nb3 Ne6 14. Rc1 a4 15. Nd4 Nc5 16. Ba3 Rfe8 17. Re1 Bf8 18. h3 Re5 19. Rc2 Rae8 20. Bxc5 dxc5 21. Nde2 a3 22. Ng3 g6 23. bxc6 bxc6 24. Nce2 h5 25. Nc1 h4 26. Nf1 Nxe4 27. Rce2 Nc3 28. Rxe5 Nxd1 29. Rxe8 Bxe8 30. Rxe8 Nb2 31. Ne3 Kg7 32. Nb3 Bd6 33. Ng4 Nxc4 34. Re4 Ne5 35. Nxe5 Bxe5 36. Nxc5 Qd6 37. Nb3 c5 38. Rc4 Bd4 39. Rc2 Qe5 40. Re2 Qf4 41. Nd2 f5 42. Nf1 Qc1 43. Bd5 Kh6 44. Bb3 Qb1 45. Rc2 Qe1 46. Rd2 g5 47. Rc2 g4 48. hxg4 fxg4 49. Rd2 g3 50. Rc2 gxf2+ 51. Kh2 Qxf1 0-1


[Site "https://www.chess.com"]

[Event "Titled Tuesday Blitz March 29 Late 2022"]
[White "Galego, Luis"]
[Black "Romanchuk, Viktor"]
[WhiteFideId "1900072"]
[BlackFideId "14109271"]
[WhiteElo "2516"]
[BlackElo "2242"]
[Result "1/2-1/2"]
[Round "05"]
[TimeControl "180+1"]
[Date "2022.03.30"]
[WhiteClock "0:00:18"]
[BlackClock "0:00:20"]

1. e4 e6 2. d4 d5 3. exd5 exd5 4. Nf3 Bd6 5. h3 Ne7 6. c4 dxc4 7. Bxc4 O-O 8. Nc3 Nd7 9. O-O Nb6 10. Bb3 c6 11. Re1 Ned5 12. Ne4 Be7 13. Ne5 Be6 14. Nc5 Bxc5 15. dxc5 Nd7 16. Nxd7 Qxd7 17. Bg5 Rfe8 18. Qf3 f6 19. Bd2 Bf7 20. Bc2 Bg6 21. Bb3 Bf7 22. Rad1 Rxe1+ 23. Rxe1 Re8 24. Re4 Rxe4 25. Qxe4 Qe6 26. Qxe6 Bxe6 27. Kf1 Nc7 28. Bc2 Bxa2 29. b3 Nb5 30. Be3 Na3 31. Bd1 Bb1 32. Bg4 f5 33. Bh5 g6 34. Be2 Bc2 35. Bc1 Nb5 36. Bc4+ Kg7 37. Bf4 Kf6 38. Bxb5 cxb5 39. b4 Ke6 40. Bb8 a6 41. Bc7 Kd5 42. f3 Kc4 43. Ba5 Kd3 44. Kf2 Bb3 45. h4 Bd5 46. Kg3 Ke2 47. Kf4 Kf2 48. g4 Bxf3 49. gxf5 gxf5 50. Kxf5 Kg3 51. Kg5 h5 52. Bc7+ Kf2 53. Kf4 Bg4 54. Ke5 Kg3 55. Bd8 Kf2 56. Kd6 Bf3 57. Ba5 Kg3 58. Bd8 Kg4 59. Ke5 Bc6 60. Kd4 Bg2 61. Kc3 Bc6 62. Kb3 Bf3 63. Ka3 Bc6 64. Be7 Bf3 65. Bd8 Bc6 66. Be7 Bf3 67. Bd8 1/2-1/2


[Site "https://www.chess.com"]

[Event "Titled Tuesday Blitz March 29 Late 2022"]
[White "Gatterer, Florian"]
[Black "Meza, Anahi"]
[WhiteFideId "811688"]
[BlackFideId "111325"]
[WhiteElo "2218"]
[BlackElo "1968"]
[Result "1-0"]
[Round "05"]
[TimeControl "180+1"]
[Date "2022.03.30"]
[WhiteClock "0:01:25"]
[BlackClock "0:00:15"]

1. f4 d5 2. Nf3 Nc6 3. g3 g6 4. Bg2 Bg7 5. O-O Nf6 6. d3 O-O 7. Nc3 Bf5 8. Ne5 a6 9. h3 h5 10. Kh2 Qd6 11. Nxc6 bxc6 12. e4 Bd7 13. e5 Qb4 14. exf6 Bxf6 15. a3 Qc5 16. Na4 Qd4 17. c3 Qa7 18. d4 Bf5 19. Nc5 Rab8 20. Rf2 Rb5 21. g4 Bc8 22. gxh5 Rxc5 23. dxc5 Qxc5 24. Qf3 Bf5 25. Be3 Qb5 26. Bd4 Bh4 27. Rd2 c5 28. Bf2 Bf6 29. Qxd5 e6 30. Qf3 Qc4 31. Rg1 Kh8 32. Bf1 Rb8 33. Bxc4 1-0


[Site "https://www.chess.com"]

[Event "Titled Tuesday Blitz March 29 Late 2022"]
[White "Gauri, Shankar"]
[Black "Stanisz, Patryk"]
[WhiteFideId "5041350"]
[BlackFideId "1123106"]
[WhiteElo "2240"]
[BlackElo "1876"]
[Result "1-0"]
[Round "05"]
[TimeControl "180+1"]
[Date "2022.03.30"]
[WhiteClock "0:01:45"]
[BlackClock "0:00:03"]

1. e4 c5 2. Nf3 Nc6 3. Bb5 g6 4. Bxc6 dxc6 5. O-O Bg7 6. d3 Nf6 7. a4 Nd7 8. a5 e5 9. Nc3 Qe7 10. Nd2 Nf8 11. Nc4 Ne6 12. Be3 O-O 13. Qd2 Re8 14. Kh1 f5 15. exf5 gxf5 16. f4 exf4 17. Bxf4 Nxf4 18. Qxf4 Be6 19. Rae1 Qf6 20. Nd6 Rf8 21. Nxb7 Bh6 22. Qd6 Rae8 23. Nxc5 Kf7 24. Qxc6 Bd2 25. Rxe6 Rxe6 26. Qd5 Re8 27. Rxf5 1-0


[Site "https://www.chess.com"]

[Event "Titled Tuesday Blitz March 29 Late 2022"]
[White "Gledura, Benjamin"]
[Black "Vasquez Schroeder, Rodrigo"]
[WhiteFideId "712779"]
[BlackFideId "3400042"]
[WhiteElo "2326"]
[BlackElo "2561"]
[Result "0-1"]
[Round "05"]
[TimeControl "180+1"]
[Date "2022.03.29"]
[WhiteClock "0:00:06"]
[BlackClock "0:00:21"]

1. Nf3 c5 2. e4 d6 3. d4 cxd4 4. Nxd4 Nf6 5. Nc3 a6 6. g3 e6 7. Bg2 Bd7 8. O-O Nc6 9. h3 Be7 10. Be3 O-O 11. Qe2 Rc8 12. f4 b5 13. a3 Qc7 14. g4 Nxd4 15. Bxd4 e5 16. Bf2 Bc6 17. f5 h6 18. h4 Nh7 19. Rad1 Rb8 20. Nd5 Bxd5 21. Rxd5 Qd8 22. Qe1 Nf6 23. Rd3 Nxg4 24. Bg3 b4 25. Bf3 Nf6 26. axb4 Qb6+ 27. Bf2 Qxb4 28. b3 a5 29. Qe2 a4 30. bxa4 Qxa4 31. Kh1 Rfc8 32. c3 Qa3 33. Be1 Rb2 34. Qe3 Qc5 35. Qc1 Rcb8 36. Rg1 Kh8 37. Bd2 Qf2 38. Rg2 Qxh4+ 39. Rh2 Qg3 40. Rg2 Qh4+ 41. Rh2 Nxe4 42. Rxh4 Nf2+ 43. Kg2 Nxd3 44. Qd1 Bxh4 45. Be2 Nf2 46. Qe1 Rc2 47. f6 Rbb2 48. fxg7+ Kxg7 49. Kf3 Rxd2 50. Qg1+ Kf6 51. Qg8 e4+ 52. Kf4 Rxe2 53. Qd8+ Kg7 54. Qxh4 Nd3+ 55. Kf5 Rf2+ 56. Kxe4 Rf4+ 0-1


[Site "https://www.chess.com"]

[Event "Titled Tuesday Blitz March 29 Late 2022"]
[White "Goltsev, Dmitry"]
[Black "Le Goff, Ronan"]
[WhiteFideId "24176710"]
[BlackFideId "612073"]
[WhiteElo "2659"]
[BlackElo "2530"]
[Result "1/2-1/2"]
[Round "05"]
[TimeControl "180+1"]
[Date "2022.03.30"]
[WhiteClock "0:00:34"]
[BlackClock "0:00:04"]

1. e4 e5 2. Nf3 Nc6 3. Bb5 a6 4. Ba4 Nf6 5. O-O b5 6. Bb3 Be7 7. Re1 d6 8. c3 O-O 9. h3 Nb8 10. d4 Nbd7 11. a4 Bb7 12. d5 Nc5 13. Bc2 c6 14. dxc6 Bxc6 15. axb5 axb5 16. Rxa8 Qxa8 17. Nbd2 Ncxe4 18. Nxe4 Bxe4 19. Bg5 Bxf3 20. gxf3 Rd8 21. Qd3 g6 22. Kg2 Nh5 23. Bd2 Qb7 24. Ra1 d5 25. Ra5 e4 26. Qxb5 exf3+ 27. Kxf3 Qc8 28. Kg2 Qe6 29. Qd3 Qe5 30. Qe3 Qf6 31. Ra7 Bd6 32. Qd4 Be5 33. Qg4 d4 34. Bg5 Qb6 35. Ra4 Qc6+ 36. Be4 Qxa4 37. Bxd8 dxc3 38. bxc3 Nf4+ 39. Kf3 Qd1+ 40. Kg3 Ne6+ 41. Kg2 Qxg4+ 42. hxg4 Nxd8 43. c4 Ne6 44. Bc2 Nc5 45. Kf3 Kf8 46. Ke3 f6 47. f4 Bb2 48. g5 Kg7 49. Bd1 fxg5 50. fxg5 h6 51. gxh6+ Kxh6 52. Kf4 Kg7 53. Bc2 Kf6 54. Bxg6 Kxg6 55. Ke3 Kf6 56. Kf4 Ke6 57. Kf3 Bf6 58. Kf4 Kd6 59. Kf5 Ba1 60. Kf4 Nb3 61. Kf5 Kc5 62. Ke4 Kxc4 63. Kf5 Bd4 64. Ke4 Nc5+ 65. Kf5 Kd5 66. Kf4 Ne6+ 67. Kf5 Be3 68. Kf6 Bf4 69. Kf5 Bh2 70. Kg4 Ke4 71. Kh3 Be5 72. Kg4 Bd4 73. Kh3 Kf4 74. Kg2 Be3 75. Kf1 Kf3 76. Ke1 Nd4 77. Kf1 Bf4 78. Kg1 Ne2+ 79. Kh1 Be3 80. Kh2 Bf2 81. Kh1 Bg3 1/2-1/2


[Site "https://www.chess.com"]

[Event "Titled Tuesday Blitz March 29 Late 2022"]
[White "Hakobyan, Aram"]
[Black "Li, Ben"]
[WhiteFideId "13306677"]
[BlackFideId "2089980"]
[WhiteElo "2557"]
[BlackElo "2267"]
[Result "1-0"]
[Round "05"]
[TimeControl "180+1"]
[Date "2022.03.29"]
[WhiteClock "0:01:11"]
[BlackClock "0:01:01"]

1. d4 d5 2. Nf3 Nf6 3. c3 c5 4. dxc5 e6 5. Be3 a5 6. c4 Na6 7. cxd5 Nxd5 8. Bd4 Nxc5 9. e3 Nf6 10. Nc3 Be7 11. Bc4 O-O 12. O-O Bd7 13. Ne5 Rc8 14. Qe2 Bc6 15. Nxc6 Rxc6 16. Rfd1 Qb8 17. Bb5 Rcc8 18. Qf3 Rfd8 19. Rac1 h6 20. h3 e5 21. Bxc5 Rxd1+ 22. Rxd1 Rxc5 23. a4 Rc8 24. Qe2 Rd8 25. Bc4 Rxd1+ 26. Qxd1 Qd8 27. Qb3 Bb4 28. Bxf7+ Kh8 29. Bg6 Qe7 30. Qc4 Qd7 31. Ne4 Nxe4 32. Bxe4 Qd1+ 33. Kh2 Qd7 34. b3 Be1 35. Qc5 Bb4 36. Qa7 Kg8 37. Qa8+ Kf7 38. Bxb7 g6 39. Bd5+ Kg7 40. Qg8+ Kf6 41. g3 h5 42. h4 Qg7 43. Qe6# 1-0


[Site "https://www.chess.com"]

[Event "Titled Tuesday Blitz March 29 Late 2022"]
[White "Hardaway, Brewington"]
[Black "Sanchez Alvares, Kelvin Antonio"]
[WhiteFideId "30941849"]
[BlackFideId "3906680"]
[WhiteElo "2656"]
[BlackElo "2528"]
[Result "1-0"]
[Round "05"]
[TimeControl "180+1"]
[Date "2022.03.30"]
[WhiteClock "0:00:48"]
[BlackClock "0:00:01"]

1. Nf3 d5 2. c4 c6 3. e3 Nf6 4. Nc3 Bg4 5. Qb3 Qb6 6. Ne5 Qxb3 7. axb3 Be6 8. d4 Nbd7 9. Nf3 a6 10. c5 Bg4 11. Ne5 Nxe5 12. dxe5 Nd7 13. b4 Rc8 14. f4 f6 15. exf6 gxf6 16. h3 Be6 17. Bd3 Bf7 18. f5 Ne5 19. Bc2 h5 20. Ne2 Rg8 21. Nf4 Bh6 22. Kf2 h4 23. Ne2 Bh5 24. Nd4 Rg3 25. b3 Kf7 26. Rh2 Rcg8 27. Bd2 Rc8 28. Re1 Ke8 29. Bc1 Kd7 30. e4 Bxc1 31. Rxc1 Rc3 32. exd5 Nd3+ 33. Bxd3 Rxc1 34. dxc6+ bxc6 35. Bc4 Rb8 36. g4 hxg3+ 37. Kxg3 Rxb4 38. Ra2 Rd1 39. Ne6 Bf7 40. Rxa6 Bxe6 41. fxe6+ Kc7 42. Ra7+ Rb7 43. Ra8 Rd8 44. Ra2 Rdb8 45. Rd2 Rg8+ 46. Kf4 Rd8 47. Rg2 Rbb8 48. Rg7 Re8 49. h4 Kd8 50. h5 Ra8 51. h6 Ra1 52. h7 Rh1 53. Bd3 Rh3 54. Bg6 Rf8 55. Rg8 Kc7 56. Rxf8 1-0


[Site "https://www.chess.com"]

[Event "Titled Tuesday Blitz March 29 Late 2022"]
[White "Harshavardhan G B"]
[Black "Ilyasli, Ughur"]
[WhiteFideId "25059009"]
[BlackFideId "13416197"]
[WhiteElo "1831"]
[BlackElo "2045"]
[Result "1-0"]
[Round "05"]
[TimeControl "180+1"]
[Date "2022.03.30"]
[WhiteClock "0:01:34"]
[BlackClock "0:00:02"]

1. e4 c5 2. Nf3 Nc6 3. d4 cxd4 4. Nxd4 Nf6 5. Nc3 d6 6. Bg5 Bd7 7. Qd2 e6 8. Ndb5 h6 9. Bxf6 Qxf6 10. Nxd6+ Bxd6 11. Qxd6 Nd4 12. O-O-O e5 13. Qxf6 gxf6 14. Nd5 Rc8 15. Nxf6+ Ke7 16. Nxd7 Kxd7 17. c3 Ke7 18. Kb1 Ne6 19. g3 h5 20. h4 Nc5 21. Bg2 a5 22. Rd5 f6 23. Rhd1 a4 24. Bf3 b5 25. Kc2 b4 26. R1d2 bxc3 27. bxc3 a3 28. c4 Rc7 29. Rd1 Rb8 30. Rb1 Rbc8 31. Kd2 Na4 32. Be2 Nb2 33. Ra5 Nxc4+ 34. Bxc4 Rxc4 35. Rxa3 Rxe4 36. Rd3 Ra4 37. a3 Rca8 38. Ra1 e4 39. Rb3 Ke6 40. Ke3 Rc8 41. Rd1 Ke5 42. Rd7 Rc5 43. Re7+ Kf5 44. Reb7 Kg4 45. R7b4 Rxb4 46. axb4 Rf5 47. Kxe4 Rxf2 48. b5 f5+ 49. Kd5 Rd2+ 50. Ke6 f4 51. gxf4 Kxh4 52. f5 Kg5 53. f6 Re2+ 54. Kd7 Kxf6 55. b6 1-0


[Site "https://www.chess.com"]

[Event "Titled Tuesday Blitz March 29 Late 2022"]
[White "Hess, Robert"]
[Black "Kosakowski, Jakub"]
[WhiteFideId "2022036"]
[BlackFideId "1185080"]
[WhiteElo "2557"]
[BlackElo "2476"]
[Result "1-0"]
[Round "05"]
[TimeControl "180+1"]
[Date "2022.03.29"]
[WhiteClock "0:00:05"]
[BlackClock "0:00:11"]

1. b3 a5 2. c4 a4 3. bxa4 Nf6 4. Nc3 d5 5. e3 g6 6. Nf3 Bg7 7. d4 O-O 8. Bd3 c5 9. O-O cxd4 10. exd4 Nc6 11. h3 dxc4 12. Bxc4 Bf5 13. Re1 Nb4 14. Nh4 Rc8 15. Nxf5 Rxc4 16. Nxe7+ Kh8 17. Qb3 Qxd4 18. Nb5 Qxa1 19. Qxc4 Nxa2 20. Bd2 Qb2 21. Bf4 Nh5 22. Nd6 Qc3 23. Nxf7+ Rxf7 24. Qxf7 Qxe1+ 25. Kh2 Nf6 26. Bg5 Qe5+ 27. f4 Qd6 28. Bxf6 Qxf6 29. Qg8# 1-0


[Site "https://www.chess.com"]

[Event "Titled Tuesday Blitz March 29 Late 2022"]
[White "Hnydiuk, Aleksander"]
[Black "Riff, Vincent"]
[WhiteFideId "1109057"]
[BlackFideId "617776"]
[WhiteElo "2374"]
[BlackElo "2377"]
[Result "1-0"]
[Round "05"]
[TimeControl "180+1"]
[Date "2022.03.30"]
[WhiteClock "0:02:13"]
[BlackClock "0:02:08"]

1. Nf3 Nf6 2. c4 c6 3. d4 d5 4. cxd5 cxd5 5. Nc3 e6 6. Bf4 a6 7. e3 Bd6 8. Bxd6 Qxd6 9. Bd3 b5 10. O-O Nbd7 11. Rc1 O-O 12. a4 b4 13. Na2 Bb7 14. Qb3 a5 15. Bb5 Rac8 16. Rxc8 Rxc8 17. Rc1 Rxc1+ 18. Nxc1 Qc7 19. Nd3 Bc6 20. Qc2 Nb8 21. Nfe5 b3 22. Qc1 1-0


[Site "https://www.chess.com"]

[Event "Titled Tuesday Blitz March 29 Late 2022"]
[White "Hoffmann, Asa"]
[Black "Desideri, Ricardo Maruchi"]
[WhiteFideId "2001470"]
[BlackFideId "2110440"]
[WhiteElo "2117"]
[BlackElo "1945"]
[Result "1-0"]
[Round "05"]
[TimeControl "180+1"]
[Date "2022.03.30"]
[WhiteClock "0:01:32"]
[BlackClock "0:00:03"]

1. d4 Nf6 2. Bg5 e6 3. Nd2 c5 4. e3 a6 5. Bd3 Be7 6. c3 d5 7. f4 Nbd7 8. Ngf3 Ng4 9. Qe2 f6 10. Bh4 Nh6 11. e4 O-O 12. O-O b5 13. exd5 exd5 14. Qe6+ Kh8 15. Qxd5 Rb8 16. Qh5 Bb7 17. Rae1 Bd6 18. Ne5 Nxe5 19. fxe5 Be7 20. Nf3 c4 21. Be4 Bxe4 22. Rxe4 Qd5 23. Rf4 fxe5 24. Rxf8+ Bxf8 25. Qxe5 Qb7 26. Ng5 1-0


[Site "https://www.chess.com"]

[Event "Titled Tuesday Blitz March 29 Late 2022"]
[White "Holt, Conrad"]
[Black "Andreikin, Dmitry"]
[WhiteFideId "2034387"]
[BlackFideId "4158814"]
[WhiteElo "2586"]
[BlackElo "2736"]
[Result "0-1"]
[Round "05"]
[TimeControl "180+1"]
[Date "2022.03.29"]
[WhiteClock "0:00:03"]
[BlackClock "0:00:12"]

1. d4 d5 2. c4 e6 3. Nc3 a6 4. cxd5 exd5 5. Bf4 Nf6 6. e3 Bd6 7. Bg5 c6 8. Bd3 Nbd7 9. Nge2 O-O 10. Ng3 h6 11. Nf5 hxg5 12. Nxd6 Nb6 13. Nxc8 Nxc8 14. g4 g6 15. h4 gxh4 16. g5 Nh5 17. Qg4 Nd6 18. O-O-O Kg7 19. Rxh4 Rh8 20. Rdh1 Qe7 21. Qg2 Rh7 22. Be2 Rah8 23. R4h3 Kg8 24. Qh2 Nf5 25. Bd3 Qxg5 26. Qb8+ Kg7 27. Qe5+ Qf6 28. Bxf5 Qxe5 29. dxe5 gxf5 30. Ne2 Kg8 31. Nd4 Ng7 32. Rxh7 Rxh7 33. Rg1 Kf8 34. Kd2 Rh5 35. f4 c5 36. Nf3 Ne6 37. Ke2 d4 38. Rd1 Rh3 39. Kf2 dxe3+ 0-1


[Site "https://www.chess.com"]